 Dungeon Crawl Stone Soup version 0.18-a0-1405-g73f4075 (webtiles) character file.

170 gorblad the Shield-Bearer (level 5, -4/32 HPs)
             Began as a Gargoyle Fighter on Feb 24, 2016.
             Slain by a gnoll
             ... wielding a +0 flail
              (5 damage)
             ... on level 2 of the Dungeon.
             The game lasted 00:04:34 (1562 turns).

gorblad the Shield-Bearer (Gargoyle Fighter)        Turns: 1562, Time: 00:04:34

Health: -4/32      AC: 13    Str: 24 (25) XL:     5   Next: 50%
Magic:  5/5        EV:  8    Int:  7 (9)  God:
Gold:   122        SH:  9    Dex:  6 (9)  Spells: 0 memorised, 4 levels left

rFire  . . .     SeeInvis .     a - +0 flail
rCold  . . .     Gourm    .     b - +0 scale mail
rNeg   + . .     Faith    .     c - +0 shield
rPois  ∞         Spirit   .     h - +1 helmet
rElec  +         Dismiss  .     (no cloak)
rCorr  .         Reflect  .     (no gloves)
SustAt .         Harm     .     (no boots)
MR     .....                    (no amulet)
Stlth  ..........               (no ring)
                                (no ring)

@: mighty, not resistant to hostile enchantments, extremely unstealthy
A: negative energy resistance 1, electricity resistance, unbreathing,
petrification resistance, rot immunity, AC +4
a: no special abilities


You were on level 2 of the Dungeon.
You were not hungry.

You visited 1 branch of the dungeon, and saw 2 of its levels.

You collected 122 gold pieces.

Inventory:

Hand Weapons
 a - a +0 flail (weapon)
Armour
 b - a +0 scale mail (worn)
 c - a +0 shield (worn)
 h - a +1 helmet (worn)
Jewellery
 k - an uncursed ring of see invisible {unknown}
Scrolls
 e - a scroll of fear {unknown}
 m - 2 scrolls of identify {unknown}
 n - a scroll of remove curse
Comestibles
 f - a bread ration
 g - a beef jerky
 j - a chunk of flesh


   Skills:
 - Level 3.2 Fighting
 - Level 2.0 Maces & Flails
 + Level 4.2 Armour
 * Level 3.0 Dodging
 + Level 4.2 Shields


You had 4 spell levels left.
You didn't know any spells.

Dungeon Overview and Level Annotations

Branches:
Dungeon (2/15)

Altars:
Fedhas
Gozag
Pakellas
Xom


Innate Abilities, Weirdness & Mutations

You are resistant to torment.
Your stone body is resilient (AC +4).
You are immune to poison.
You resist negative energy.
You are resistant to electric shocks.
You can survive without breathing.
You are immune to petrification.
You are immune to rotting.


Message History

The gnoll hits you but does no damage. The gnoll closely misses you.
The gnoll hits you with a flail!
* * * LOW HITPOINT WARNING * * *
You are too injured to fight recklessly!
Drink which item? (? for menu, Esc to quit)
It was a potion of degeneration.
There was something very wrong with that liquid.
You feel weakened.
You feel dopey.
You feel clumsy. You block the gnoll's attack.
Drink which item? (? for menu, Esc to quit)
You feel very mighty all of a sudden. The gnoll closely misses you.
The gnoll hits you from afar with a spear.
* * * LOW HITPOINT WARNING * * *
Read which item? (? for menu, Esc to quit)
As you read the scroll labeled LATE OPHYROADO, it crumbles to dust.
It is a scroll of recharging.
You aren't carrying any rechargeable items.
The gnoll hits you with a flail.
You die...

#.......#
#.####### #.#
#.# #.# #.# #.#
#.###########.#
#...$..@gggg..#
###############


You could see 3 gnolls and a goblin.

Vanquished Creatures
  Natasha (thrice) (D:2)
  An adder (D:2)
  3 gnolls (D:2)
  2 worms (D:2)
  A dart slug (D:1)
  3 giant cockroaches
  7 goblins
  A hobgoblin (D:1)
  8 jackals
  9 bats
  2 giant newts (D:2)
  7 kobolds
  6 rats
53 creatures vanquished.

Vanquished Creatures (others)
  A rakshasa (D:2)
1 creature vanquished.

Grand Total: 54 creatures vanquished

Notes
Turn   | Place    | Note
--------------------------------------------------------------
     0 | D:1      | gorblad the Gargoyle Fighter began the quest for the Orb.
     0 | D:1      | Reached XP level 1. HP: 14/14 MP: 1/1
   151 | D:1      | Reached XP level 2. HP: 16/19 MP: 2/2
   292 | D:1      | Reached skill level 1 in Dodging
   421 | D:1      | Reached XP level 3. HP: 20/23 MP: 3/3
   911 | D:2      | Noticed Natasha
   922 | D:2      | Killed Natasha
   922 | D:2      | Reached XP level 4. HP: 23/28 MP: 4/4
  1065 | D:2      | Found a blossoming altar of Fedhas.
  1166 | D:2      | Found an opulent altar of Gozag.
  1217 | D:2      | Found an oddly glowing altar of Pakellas.
  1217 | D:2      | Noticed a rakshasa
  1224 | D:2      | Noticed Natasha
  1237 | D:2      | Killed a rakshasa
  1245 | D:2      | Killed Natasha
  1341 | D:2      | Noticed Natasha
  1352 | D:2      | Killed Natasha
  1352 | D:2      | Reached XP level 5. HP: 29/32 MP: 5/5
  1406 | D:2      | Found a shimmering altar of Xom.
  1561 | D:2      | HP: 1/32 [gnoll/spear (1)]
  1562 | D:2      | Slain by a gnoll

Vault maps used:
D:1:      dpeg_arrival_concentric_ovals
D:2:      lemuel_crystal_altar, nicolae_gozag_cash_rules_everything_around_me,
          fedhas_altar_4, nrook_loot_triangle,
          gammafunk_pakellas_cloud_experiment, uniq_natasha

Skill      XL: |  1  2  3  4  5 |
---------------+----------------+-----
Dodging        | 1 2 3 |  3.0
Shields        | 4 |  4.2
Armour         | 4 |  4.2
Fighting       | |  3.2
Maces & Flails | |  2.0

Action                   |  1- 3 |  4- 6 || total
-------------------------+-------+-------++-------
Melee: Flail             |   100 |   125 ||   225
  Use: Scroll            |     3 |     1 ||     4
       Potion            |       |     2 ||     2
  Eat: Chunk             |       |     3 ||     3
